 Dungeon Crawl Stone Soup version 0.18.1-8-gdd0e5ea (webtiles) character file.

9410 Jerry the Basher (level 11, -13/75 HPs)
             Began as a Demonspawn Fighter on May 24, 2016.
             Was a High Priest of Okawaru.
             Killed from afar by an electric eel (16 damage)
             ... with a bolt of electricity
             ... on level 10 of the Dungeon.
             The game lasted 00:40:03 (8766 turns).

Jerry the Basher (Demonspawn Fighter)               Turns: 8766, Time: 00:40:04

Health: -13/75     AC: 16    Str: 22    XL:     11   Next: 22%
Magic:  17/17      EV: 11    Int: 10    God:    Okawaru [*****.]
Gold:   487        SH: 14    Dex: 21    Spells: 0 memorised, 10 levels left

rFire  . . .     SeeInvis .     b - +2 whip (elec)
rCold  . . .     Gourm    .     T - +0 plate armour {rPois}
rNeg   . . .     Faith    .     c - +0 shield
rPois  +         Spirit   .     F - +0 hat
rElec  .         Dismiss  .     t - +0 cloak
rCorr  .         Reflect  +     (no gloves)
SustAt .         Harm     .     H - +0 pair of boots
MR     .....     Rnd*Rage +     E - +2 amulet of reflection
Stlth  ..........               z - ring of stealth
                                X - +4 ring of dexterity

@: agile, not resistant to hostile enchantments, extremely unstealthy
A: talons 1, berserk 1, powered by pain 1, regeneration 1, spiny 3, strong 1,
sturdy frame 1
a: Heroism, Finesse, Renounce Religion


You were on level 10 of the Dungeon.
You worshipped Okawaru.
Okawaru was extremely pleased with you.
You were not hungry.

You visited 2 branches of the dungeon, and saw 11 of its levels.
You also visited: Ossuary.

You collected 487 gold pieces.

Inventory:

Hand Weapons
 b - a +2 whip of electrocution (weapon)
 k - the +7 long sword "Esuodif" {pain, rF- MR+ Str+2 Int+4}
   (You found it on level 4 of the Dungeon)

   In the hands of one skilled in necromantic magic, it inflicts extra damage on
   living creatures.
   It affects your strength (+2).
   It affects your intelligence (+4).
   It makes you vulnerable to fire.
   It affects your resistance to hostile enchantments.
Armour
 c - a +0 shield (worn)
 t - a +0 cloak (worn)
 F - a +0 hat (worn)
 H - a +0 pair of boots (worn)
 I - a +2 chain mail of fire resistance
 T - a +0 plate armour of poison resistance (worn)
Jewellery
 p - an uncursed amulet of dismissal
 r - an uncursed ring of ice
 z - a ring of stealth (right hand)
 E - a +2 amulet of reflection (around neck)
 O - an uncursed ring of fire
 X - a +4 ring of dexterity (left hand)
Wands
 a - a wand of digging (15/24)
 J - a wand of confusion (13/48)
 M - a wand of disintegration (13/24)
Scrolls
 e - 6 scrolls of identify
 j - 4 scrolls of recharging
 l - 3 scrolls of teleportation
 m - a scroll of holy word {unknown}
 n - 2 scrolls of fog
 o - a scroll of remove curse
 y - a scroll of magic mapping {unknown}
 B - a scroll of blinking
 C - 2 scrolls of fear {unknown}
 N - 2 scrolls of enchant weapon {unknown}
 Q - a scroll of enchant armour {unknown}
 R - a scroll of torment {unknown}
 S - a scroll of noise {unknown}
Potions
 h - 2 potions of curing
 i - 4 potions of brilliance
 q - 4 potions of flight
 u - 2 potions of mutation {unknown}
 w - 3 potions of cancellation {unknown}
 x - 3 potions of agility {unknown}
 D - 2 potions of haste {unknown}
 W - 2 potions of magic {unknown}
Books
 G - a book of Summonings

   Spells                             Type                      Level
   a - Recall                         Summoning/Translocation      3
   b - Aura of Abjuration             Summoning                    5
   c - Summon Demon                   Summoning                    5
   d - Summon Forest                  Summoning/Translocation      5
   e - Summon Mana Viper              Hexes/Summoning              5
   f - Shadow Creatures               Summoning                    6
 U - a book of Transfigurations

   Spells                             Type                      Level
   a - Irradiate                      Conjuration/Transmutation    5
   b - Statue Form                    Transmutation/Earth          6
   c - Hydra Form                     Transmutation                6
   d - Dragon Form                    Transmutation                7
Comestibles
 d - 20 fruits
 f - 7 bread rations
 g - 4 beef jerkies
 v - a royal jelly
 A - 3 meat rations


   Skills:
 - Level 3.0 Fighting
 + Level 9.5 Maces & Flails
 + Level 9.1 Armour
 + Level 8.2 Shields
 - Level 9.1 Invocations


You had 10 spell levels left.
You didn't know any spells.

Dungeon Overview and Level Annotations

Branches:
Dungeon (10/15)            Temple (1/1) D:5            Lair (0/8) D:10
    Orc (0/2) D:9

Altars:
Ashenzari
Cheibriados
Dithmenos
Elyvilon
Fedhas
Gozag
Kikubaaqudgha
Makhleb
Nemelex Xobeh
Okawaru
Pakellas
Qazlal
Ru
Sif Muna
Trog
Vehumet
Xom
Yredelemnul
Zin
The Shining One


Innate Abilities, Weirdness & Mutations

You have sharp toenails.
You sometimes gain a little power by taking damage.
You are completely covered in sharp spines.
You tend to lose your temper in combat.
Your natural rate of healing is unusually fast.
Your muscles are strong. (Str +2)
Your movements are slightly less encumbered by armour (ER -2).


Message History

You hit the electric eel.
The electric eel is moderately wounded.
The electric eel shoots out a bolt of lightning at you!
The bolt of electricity hits you!
* * * LOW HITPOINT WARNING * * *
Drink which item? (? for menu, Esc to quit)
You feel better.
All of the chunks of flesh in your inventory have rotted away.
You closely miss the electric eel.
The electric eel is moderately wounded.
You closely miss the electric eel.
The electric eel is moderately wounded.
The electric eel shoots out a bolt of lightning at you!
The bolt of electricity hits you!
* * * LOW HITPOINT WARNING * * *
You hit the electric eel.
The electric eel is heavily wounded.
The electric eel shoots out a bolt of lightning at you!
The bolt of electricity hits you!
You die...

#÷## #P.......P.P...#
...# ##P..P...P....##
...# #....PPP.P...# ...#
#####.P..P.P...##
...###............#####
...#...#####..........##
...'.### #............
...### #.....≈≈≈≈≈.≈
#### #....@;≈≈≈≈.≈
#####.≈≈≈≈≈.≈ #.≈≈≈≈≈.≈
#.......≈ #.≈≈≈≈...
#.≈≈≈≈.≈≈ #.≈≈≈≈.≈≈
#.≈≈≈≈.≈≈


You could see an electric eel.

Vanquished Creatures
  Erica (D:8)
  The ghost of GordonOverkill the Arsonist, a journeyman DrFE of Vehumet (D:10)
  Pikel (D:5)
  2 gargoyles (D:10)
  A troll (D:9)
  A two-headed ogre (D:8)
  A wraith (Ossuary)
  13 yaks
  A hungry ghost (D:9)
  2 hippogriffs
  A water moccasin (D:7)
  3 sky beasts
  3 slaves (D:5)
  4 orc warriors
  2 black bears
  A necrophage (D:10)
  A centaur (D:5)
  2 crocodiles (D:10)
  The ghost of Groucho the Insei, an amateur OpTm (D:3)
  4 big kobolds
  2 giant frogs
  5 scorpions
  13 killer bees
  A howler monkey (D:4)
  A centaur zombie (D:8)
  4 crimson imps
  6 orc priests
  8 orc wizards
  8 hounds
  3 jellies
  A giant frog skeleton (D:8)
  A gnoll shaman (D:6)
  3 iron imps (D:5)
  A centaur skeleton (D:8)
  An iguana (D:5)
  Terence (D:3)
  6 worker ants
  A killer bee zombie (D:6)
  A hound zombie (D:7)
  A hound skeleton (D:6)
  A mummy (Ossuary)
  5 gnolls
  5 adders
  A river rat (D:10)
  2 shadow imps
  An ooze (D:2)
  2 adder zombies (D:8)
  An adder skeleton (D:8)
  2 worms
  4 dart slugs
  6 giant geckos
  39 orcs
  6 giant cockroaches
  9 goblins
  6 hobgoblins
  17 jackals
  20 kobolds
  3 quokkas (D:4)
  A ball python (D:5)
  17 bats
  A giant gecko skeleton (D:6)
  8 giant newts
  5 gnoll skeletons (Ossuary)
  6 kobold skeletons (Ossuary)
  14 orc skeletons (Ossuary)
  A quokka skeleton (D:4)
  15 rats
312 creatures vanquished.

Vanquished Creatures (others)
  A centaur (D:8)
  10 fungi (D:10)
11 creatures vanquished.

Grand Total: 323 creatures vanquished

Notes
Turn   | Place    | Note
--------------------------------------------------------------
     0 | D:1      | Jerry the Demonspawn Fighter began the quest for the Orb.
     0 | D:1      | Reached XP level 1. HP: 18/18 MP: 1/1
   278 | D:1      | Gained mutation: You are partially covered in sharp spines. [demonic ancestry]
   278 | D:1      | Reached XP level 2. HP: 21/24 MP: 2/2
   644 | D:1      | Reached XP level 3. HP: 29/29 MP: 3/3
   732 | D:2      | Found a faded altar to an unknown god.
   981 | D:2      | Found a sacrificial altar of Ru.
  1172 | D:2      | Found a sparkling altar of Nemelex Xobeh.
  1206 | D:2      | Found an oddly glowing altar of Pakellas.
  1211 | D:2      | Gained mutation: You are mostly covered in sharp spines. [demonic ancestry]
  1211 | D:2      | Reached XP level 4. HP: 35/35 MP: 4/4
  1294 | D:2      | Found a shattered altar of Ashenzari.
  1596 | D:3      | Noticed Groucho's ghost (amateur OpTm)
  1604 | D:3      | Killed Groucho's ghost
  1604 | D:3      | Reached XP level 5. HP: 37/41 MP: 5/5
  1880 | D:3      | Noticed Terence
  1889 | D:3      | Killed Terence
  2016 | D:4      | Reached XP level 6. HP: 42/47 MP: 6/6
  2062 | D:4      | Reached skill level 5 in Armour
  2122 | D:4      | Found a glowing golden altar of the Shining One.
  2180 | D:4      | Got a fine long sword
  2397 | D:4      | Found a sand-covered staircase.
  2403 | Ossuary  | Entered an ossuary
  2403 | Ossuary  | Noticed a wraith
  2403 | Ossuary  | Noticed a wraith
  2403 | Ossuary  | Noticed a wraith
  2631 | Ossuary  | Noticed a wraith
  2748 | Ossuary  | Killed a wraith
  2748 | Ossuary  | Reached skill level 5 in Maces & Flails
  2748 | Ossuary  | Reached XP level 7. HP: 48/52 MP: 7/7
  2965 | D:4      | Found a stormy altar of Qazlal.
  2966 | D:4      | Noticed a water elemental
  2967 | D:4      | Noticed an air elemental
  2968 | D:4      | Noticed a fire elemental
  3070 | D:4      | Identified the +7 long sword "Esuodif" {pain, rF- MR+ Str+2 Int+4} (You found it on level 4 of the Dungeon)
  3097 | D:5      | Entered Level 5 of the Dungeon
  3243 | D:5      | Found a shadowy altar of Dithmenos.
  3326 | D:5      | Found a burning altar of Makhleb.
  3447 | D:5      | Found a staircase to the Ecumenical Temple.
  3463 | Temple   | Entered the Ecumenical Temple
  3812 | D:5      | Noticed Pikel
  3831 | D:5      | Killed Pikel
  3831 | D:5      | Reached skill level 5 in Shields
  3831 | D:5      | Gained mutation: You sometimes gain a little power by taking damage. [demonic ancestry]
  3831 | D:5      | Reached XP level 8. HP: 28/58 MP: 8/8
  4180 | D:6      | Found an iron altar of Okawaru.
  4190 | D:6      | Became a worshipper of Warmaster Okawaru
  4235 | D:6      | Reached skill level 1 in Invocations
  4507 | D:6      | Found a shimmering altar of Xom.
  4507 | D:6      | Found a shimmering altar of Xom.
  4508 | D:6      | Found a shimmering altar of Xom.
  5143 | D:7      | Reached * piety under Okawaru
  5143 | D:7      | Reached XP level 9. HP: 59/63 MP: 12/12
  5510 | D:7      | Reached skill level 5 in Invocations
  5525 | D:7      | Found a blossoming altar of Fedhas.
  5635 | D:8      | Found an ancient bone altar of Kikubaaqudgha.
  6087 | D:8      | Found a basalt altar of Yredelemnul.
  6140 | D:8      | Found a white marble altar of Elyvilon.
  6251 | D:8      | Noticed Erica
  6256 | D:8      | Killed Erica
  6256 | D:8      | Reached ** piety under Okawaru
  6423 | D:9      | Gained mutation: You are completely covered in sharp spines. [demonic ancestry]
  6423 | D:9      | Reached XP level 10. HP: 70/70 MP: 15/15
  6431 | D:9      | Reached *** piety under Okawaru
  6558 | D:9      | Found a shattered altar of Ashenzari.
  7104 | D:9      | Reached **** piety under Okawaru
  7638 | D:9      | Found a staircase to the Orcish Mines.
  7669 | D:9      | Found a blossoming altar of Fedhas.
  7771 | D:10     | Entered Level 10 of the Dungeon
  7901 | D:10     | Noticed GordonOverkill's ghost (journeyman DrFE)
  7926 | D:10     | Killed GordonOverkill's ghost
  7926 | D:10     | Reached ***** piety under Okawaru
  7989 | D:10     | Gained mutation: You have sharp toenails. [demonic ancestry]
  7989 | D:10     | Reached XP level 11. HP: 36/75 MP: 14/17
  8349 | D:10     | Found a staircase to the Lair.
  8394 | D:10     | Gained mutation: Your muscles are strong. (Str +2) [mutagenic meat]
  8395 | D:10     | Gained mutation: Your natural rate of healing is unusually fast. [mutagenic meat]
  8396 | D:10     | Gained mutation: You tend to lose your temper in combat. [mutagenic meat]
  8397 | D:10     | Gained mutation: Your movements are slightly less encumbered by armour (ER -2). [mutagenic meat]
  8762 | D:10     | HP: 3/75 [electric eel/bolt of electricity (8)]
  8766 | D:10     | Killed from afar by an electric eel

Skill      XL: |  1  2  3  4  5  6  7  8  9 10 11 |
---------------+----------------------------------+-----
Maces & Flails | 2 3 4 5 6 7 8 9 |  9.5
Armour         | 3 4 5 6 7 8 9 |  9.1
Shields        | 5 6 7 8 |  8.2
Invocations    | 4 7 9 |  9.1
Fighting       | |  3.0

Action                   |  1- 3 |  4- 6 |  7- 9 | 10-12 || total
-------------------------+-------+-------+-------+-------++-------
Melee: Flail             |    91 |   134 |    10 |       ||   235
       Long sword        |       |       |    89 |       ||    89
       Whip              |       |       |   139 |   263 ||   402
Invok: Heroism           |       |       |     1 |     5 ||     6
       Finesse           |       |       |       |     1 ||     1
Evoke: Wand              |       |     3 |     2 |     1 ||     6
  Use: Potion            |       |     1 |     2 |     2 ||     5
       Scroll            |       |    12 |     1 |       ||    13
 Stab: Confused          |       |     1 |       |       ||     1
       Distracted        |       |       |       |     1 ||     1
  Eat: Chunk             |     1 |     4 |    13 |    13 ||    31
       Fruit             |       |     1 |       |     1 ||     2
Armor: Scale mail        |    36 |    38 |    11 |       ||    85
       Chain mail        |       |       |   100 |     3 ||   103
       Plate armour      |       |       |       |    68 ||    68
Dodge: Dodged            |    24 |    24 |    50 |    28 ||   126
Block: Shield            |    52 |    56 |   156 |   130 ||   394
       Reflection        |       |       |    11 |     3 ||    14
